 Dungeon Crawl Stone Soup version 0.31-a0-149-g3fdcc5976a (webtiles) character file.

Game seed: 11255513766493585506

231 qw the Shooter (level 5, -19/47 HPs)
             Began as a Minotaur Hunter on June 7, 2023.
             Killed from afar by an oklob plant (28 damage)
             ... with a splash of acid
             ... on level 3 of the Dungeon.
             The game lasted 00:00:58 (2424 turns).

qw the Shooter (Minotaur Hunter)                    Turns: 2424, Time: 00:00:59

Health: -19/47     AC:  1    Str: 16    XL:     5   Next: 72%
Magic:  4/4        EV: 11    Int:  6    God:
Gold:   122        SH:  5    Dex: 15    Spells: 4/4 levels left

rFire   . . .        Y - +0 shortbow
rCold   . . .        (shield currently unavailable)
rNeg    . . .        e - +0 ring mail
rPois   .            (helmet restricted)
rElec   .            (no cloak)
rCorr   .            (no gloves)
SInv    .            (no boots)
Will    .....        g - amulet of reflection
Stlth   +            h - +4 ring of protection
HPRegen 0.27/turn    (no ring)
MPRegen 0.09/turn

%: reflection
@: corroded
A: horns 2, retaliatory headbutt
a: no special abilities


You were on level 3 of the Dungeon.
You visited 1 branch of the dungeon, and saw 3 of its levels.

You collected 122 gold pieces.


Innate Abilities, Weirdness & Mutations

You have a pair of horns on your head.
You reflexively headbutt those who attack you in melee.


   Skills:
 - Level 4.6 Fighting
 + Level 6.3 Ranged Weapons
 - Level 2.1 Armour
 - Level 2.1 Dodging
 - Level 0.7 Stealth


You had 4 spell levels left.
You didn't know any spells.
Your spell library was empty.

Inventory:

Hand Weapons
 Y - a +0 shortbow (weapon)
Armour
 e - a +0 ring mail (worn)
Jewellery
 g - an amulet of reflection (around neck)
 h - a +4 ring of protection (left hand)
Scrolls
 f - 2 scrolls of identify
Potions
 a - a potion of brilliance {unknown}
 b - a potion of might {unknown}
 c - a potion of attraction {unknown}
 d - a potion of resistance
 i - a potion of curing {unknown}
 j - a potion of enlightenment {unknown}

Dungeon Overview and Level Annotations

Branches:
Dungeon (3/15)

Altars:
Ashenzari
Fedhas
Kikubaaqudgha

Annotations:
D:3 exclusion: oklob plant


Message History

Enter note:
Enter note:
Enter note:
Enter note:
Enter note:
Enter note:
Enter note: You shoot an arrow.
The arrow hits the oklob plant.
The oklob plant is lightly damaged.
You shoot an arrow. The arrow hits the oklob plant.
The oklob plant is lightly damaged.
You shoot an arrow. The arrow hits the oklob plant.
The oklob plant is lightly damaged.
The oklob plant spits acid at you. The splash of acid hits you.
The acid corrodes you!
You shoot an arrow. The arrow hits the oklob plant.
The oklob plant is lightly damaged.
The oklob plant spits acid at you. The splash of acid hits you!!
Ouch! That really hurt!
Enter note:
Enter note:
Enter note:
Enter note:
Enter note:
Enter note:
Enter note:
Enter note:
Enter note:
Enter note:
Enter note:
Enter note:
2424 ||| READING scroll labelled RUPLYO MONU.
As you read the scroll labelled RUPLYO MONU, it crumbles to dust.
You assume a fearsome visage.
The oklob plant is unaffected.
It was a scroll of fear.
The oklob plant spits acid at you. The splash of acid hits you!!
Ouch! That really hurt!
You die...

.....#....#.#..#...# #.# #.#
.#....)..........P.# #.# ##'#
#.....~~~~~.......P# #.# ##...
.....~~~~~~~.....P.###.### ##....
.#..~~~~~~~~~....#P##....###.....
...~~~~~~~~~~~....##.....##......
##.~~~~...~~~~.#...#......'......
.%.~~~~._..........#....###%.....
##.~~~~...~~~~..@####.#.# ##.....
#.~~~~~~~~~~~.....####.# ##....
...~~~~~~~~~..#...#..#.# ##...
....~~~~~~~..#....##.#.# ##'#
..#...~~~~~..# ....#....# #.# ..
#........# .....##.### ##.# ..
#.P...#. .....#..# #... #
....P##### ##... ### ######....


You could see an oklob plant.

Vanquished Creatures
  A scorpion (D:3)
  Jessica (D:2)
  7 adders
  A dart slug (D:2)
  An orc (D:3)
  5 ball pythons
  4 endoplasms
  6 giant cockroaches
  4 hobgoblins
  15 jackals
  A quokka (D:1)
  8 bats
  3 frilled lizards
  3 goblins
  9 kobolds
  9 rats
78 creatures vanquished.

Notes
Turn   | Place    | Note
-------+----------+-------------------------------------------
     0 | D:1      | qw the Minotaur Hunter began the quest for the Orb.
     0 | D:1      | Reached XP level 1. HP: 18/18 MP: 0/0
     0 | D:1      | 0 ||| qw: Version: 0.2-a-117-gc6b5c8b
     0 | D:1      | 0 ||| qw: Game counter: 2695
     0 | D:1      | 0 ||| qw: Always use a shield: true
     0 | D:1      | 0 ||| qw: God list: Okawaru
     0 | D:1      | 0 ||| qw: Allow faded altars: false
     0 | D:1      | 0 ||| qw: Do Orc after D:15 true
     0 | D:1      | 0 ||| qw: Do second Lair branch before Depths: true
     0 | D:1      | 0 ||| qw: Lair rune preference: random
     0 | D:1      | 0 ||| qw: Plans: Normal
     0 | D:1      | 0 ||| PLANNING D:1-11
    65 | D:1      | Reached XP level 2. HP: 20/25 MP: 1/1
    66 | D:1      | Reached skill level 5 in Ranged Weapons
   411 | D:1      | 411 ||| READING scroll labelled YPSAAXUHYU.
   413 | D:1      | Reached skill level 3 in Fighting
   432 | D:1      | 432 ||| FLEEEEING.
   615 | D:1      | Reached XP level 3. HP: 26/31 MP: 2/2
   754 | D:1      | 754 ||| UPGRADING to +0 ring mail.
   764 | D:1      | 764 ||| DROPPING +0 leather armour.
   765 | D:1      | 765 ||| UPGRADING to +4 ring of protection.
   766 | D:1      | 766 ||| READING scroll labelled MEBLYUGIDIO.
   767 | D:1      | 767 ||| READING 3 scrolls labelled ALLAMNYMUWN.
   768 | D:1      | 768 ||| READING scroll labelled LEBLUM DOEV.
   769 | D:1      | 769 ||| READING 2 scrolls of identify.
   769 | D:1      | 769 ||| IDENTIFYING green potion
   770 | D:1      | 770 ||| DROPPING scroll of butterflies.
   771 | D:1      | 771 ||| DROPPING potion of berserk rage.
   797 | D:2      | Noticed Jessica
   800 | D:2      | Killed Jessica
   804 | D:2      | Reached XP level 4. HP: 34/38 MP: 3/3
   804 | D:2      | 804 ||| STAIRDANCE
   848 | D:2      | 848 ||| STAIRDANCE
   991 | D:2      | Reached skill level 6 in Ranged Weapons
  1167 | D:2      | Identified the +0 spear "Yhoxul" {freeze, *Rage rPois rC+
                  | Int+4}
  1445 | D:2      | 1445 ||| UPGRADING to amulet of reflection.
  1450 | D:2      | 1450 ||| READING scroll labelled ARYANKUMYW.
  1453 | D:2      | 1453 ||| READING scroll labelled ZIP RASIGGOP.
  1454 | D:2      | 1454 ||| READING scroll labelled XUSURAOKKY.
  1455 | D:2      | 1455 ||| DRINKING 2 red potions.
  1504 | D:3      | Found a broken altar of Ashenzari.
  1516 | D:3      | Noticed a scorpion
  1525 | D:3      | Killed a scorpion
  1526 | D:3      | Reached XP level 5. HP: 30/47 MP: 4/4
  1615 | D:3      | Found an ancient bone altar of Kikubaaqudgha.
  2385 | D:3      | Found a blossoming altar of Fedhas.
  2419 | D:3      | Noticed an oklob plant
  2423 | D:3      | HP: 8/47 [oklob plant/splash of acid (28)]
  2424 | D:3      | 2424 ||| READING scroll labelled RUPLYO MONU.
  2424 | D:3      | Killed from afar by an oklob plant

Levels and vault maps discovered:
D:1:      minmay_arrival_plants_in_alcoves, layout_basic, minmay_misc_feat_x,
          skrybe_limestone_x, wad_floor_pattern_2, st_stairs_8,
          chequers_serial_rivers_micro_c, chequers_serial_rivers_room_a,
          serial_park_tiny_pond, interstate_on_off, minmay_misc_feat_pillars,
          minmay_hexomino_c4
D:2:      layout_rooms, serial_forest, infiniplex_forest_corner_1,
          infiniplex_forest_clump_small, infiniplex_forest_zigzag_1,
          infiniplex_forest_clump_curved, infiniplex_forest_end_double,
          infiniplex_forest_zigzag_1, infiniplex_forest_clump_C, uniq_jessica
D:3:      layout_loops_corners, mainiacjoe_overflow_catch_the_wave, tgw_fedhas,
          mrwooster_statue_mirror

Skill      XL: |  1  2  3  4 |
---------------+-------------+-----
Ranged Weapons | 5 6 |  6.3
Fighting       | 3 4 |  4.6
Armour         | 2 |  2.1
Dodging        | |  2.1
Stealth        | |  0.7

Action                     |  1- 3 |  4- 6 || total
---------------------------+-------+-------++-------
   Fire: Shortbow          |    74 |   136 ||   210
    Use: Scroll            |     5 |     4 ||     9
         Potion            |       |     1 ||     1
 Armour: Leather armour    |    10 |       ||    10
         Ring mail         |     1 |    24 ||    25
  Dodge: Dodged            |    35 |    43 ||    78
  Block: Other             |       |     6 ||     6

Table legend:
 A = Non-vault XP
 B = Vault XP
 C = Vault XP percentage of total XP
 D = Non-vault monster count
 E = Vault monster count
 F = Vault count percentage of total count
                 A         B        C        D         E       F
            +---------+---------+-------+---------+---------+-------
      Total |     279 |      51 |  15.5 |      68 |      10 |  12.8
            +---------+---------+-------+---------+---------+-------
        D:1 |      39 |      14 |  26.4 |      23 |       9 |  28.1
        D:2 |     100 |      37 |  27.0 |      24 |       1 |   4.0
        D:3 |     140 |       0 |   0.0 |      21 |       0 |   0.0
            +---------+---------+-------+---------+---------+-------
